 Dungeon Crawl Stone Soup version 0.32-a0-656-g3542139ebd (webtiles) character file.

Game seed: 15053922383073794446

30706 pisaster the Protected (level 13, 0/114 HPs)
             Began as an Armataur Fighter on Mar 9, 2024.
             Was a High Priest of Yredelemnul.
             Slain by a six-headed hydra (3 damage)
             ... on level 4 of the Lair of Beasts.
             The game lasted 00:47:49 (14858 turns).

pisaster the Protected (Armataur Fighter)          Turns: 14858, Time: 00:47:50

Health: 0/114      AC: 22    Str: 36    XL:     13   Next: 22%
Magic:  18/18      EV:  7    Int:  9    God:    Yredelemnul [*****.]
Gold:   745        SH:  9    Dex: 11    Spells: 12/12 levels left

rFire   . . .        N - +7 war axe of Dismemberment {flame, Str+5}
rCold   . . .        b - +0 buckler
rNeg    . . .        J - +2 chain mail {rPois}
rPois   +            t - +2 helmet
rElec   .            (no cloak)
rCorr   .            W - +0 pair of gloves
SInv    .            (no barding)
Will    .....        E - amulet of reflection Stlth
                     T - +6 ring of strength
HPRegen 0.39/turn    K - +4 ring of protection
MPRegen 0.16/turn

%: reflection, roll
@: wreathed by umbra
A: large, deformed body, tough skin 3, armoured tail, roll 2
a: Renounce Religion, Light the Black Torch, Recall Undead Harvest, Hurl
Torchlight, Bind Soul, Fathomless Shackles


You were on level 4 of the Lair of Beasts.
You worshipped Yredelemnul.
Yredelemnul was noncommittal.
You visited 2 branches of the dungeon, and saw 15 of its levels.
You also visited: Ossuary and Bailey.

You collected 983 gold pieces.
You spent 238 gold pieces at shops.

Inventory:

Hand Weapons
 j - a +9 dagger of venom
 N - the +7 war axe of Dismemberment (weapon) {flame, Str+5}
   (You bought it in a shop on level 2 of the Dungeon)

   Str+5:     It affects your strength (+5).
 V - the +5 war axe of the Tent {venom, MP+9 Str-2 Dex-2 SInv}
   (You found it on level 2 of the Lair of Beasts)

   Str-2:     It affects your strength (-2).
   Dex-2:     It affects your dexterity (-2).
   MP+9:      It affects your magic capacity (+9).
   SInv:      It lets you see invisible.
Missiles
 f - 11 boomerangs
 k - 4 curare-tipped darts
 p - 32 poisoned darts (quivered)
Armour
 b - a +0 buckler (worn)
 g - the +4 ring mail of Baili {Str+2}
   (You found it in a bailey)

   Str+2:     It affects your strength (+2).
 t - a +2 helmet (worn)
 F - a +0 plate armour
 J - a +2 chain mail of poison resistance (worn)
 W - a +0 pair of gloves (worn)
Jewellery
 c - a ring of positive energy
 E - an amulet of reflection (around neck)
 K - a +4 ring of protection (right hand)
 L - an amulet of the acrobat
 M - a ring of ice
 S - a ring of magical power
 T - a +6 ring of strength (left hand)
 U - a +6 ring of strength
Wands
 m - a wand of flame (21)
 u - a wand of paralysis (18)
Scrolls
 a - 2 scrolls of enchant armour
 h - 4 scrolls of revelation
 i - 3 scrolls of immolation
 l - a scroll of brand weapon
 n - 4 scrolls of enchant weapon
 s - a scroll of torment
 v - a scroll of summoning
 x - 5 scrolls of teleportation
 y - a scroll of blinking
 C - 4 scrolls of fog
 I - 2 scrolls of fear
 P - 2 scrolls of vulnerability
 X - a scroll of poison
Potions
 d - 5 potions of curing
 e - a potion of lignification
 o - 2 potions of attraction
 q - 2 potions of haste
 r - 5 potions of heal wounds
 w - 2 potions of berserk rage
 z - 3 potions of magic
 A - 4 potions of enlightenment
 B - a potion of resistance {unknown}
 D - 2 potions of mutation
 G - 2 potions of invisibility {unknown}
 O - a potion of cancellation {unknown}
 R - 5 potions of ambrosia
 Y - a potion of might
Miscellaneous
 H - a lightning rod (4/4)
 Q - a phantom mirror


   Skills:
 - Level 10.7 Fighting
 - Level 6.0 Short Blades
 + Level 11.5 Axes
 - Level 12.5 Armour
 - Level 4.0 Shields
 - Level 4.0 Unarmed Combat
 - Level 7.0 Invocations


You had 12 spell levels left.
You didn't know any spells.
Your spell library contained the following spells:

 Spells                   Type           Power      Damage    Failure   Level
 Foxfire                  Conj/Fire      0%         2x1d4     75%         1
 Blink                    Tloc           0%         N/A       87%         2
 Lesser Beckoning         Tloc           0%         N/A       87%         2
 Mercury Vapours          Alch/Air       0%         N/A       87%         2
 Momentum Strike          Conj/Tloc      0%         3d8       87%         2
 Frozen Ramparts          Ice            0%         1d1       98%         3
 Mephitic Cloud           Conj/Alch/Air  0%         N/A       98%         3
 Tukima's Dance           Hex            0%         N/A       98%         3
 Animate Armour           Summ/Erth      0%         N/A       100%        4
 Leda's Liquefaction      Alch/Erth      0%         N/A       100%        4
 Passage of Golubria      Tloc           0%         N/A       100%        4
 Summon Lightning Spire   Summ/Air       0%         N/A       100%        4
 Curse of Agony           Necr           0%         N/A       100%        5
 Freezing Cloud           Conj/Ice/Air   0%         6-21      100%        5
 Lee's Rapid Deconstruct  Erth           0%         3d4*      100%        5
 Yara's Violent Unravell  Hex/Alch       0%         3d3       100%        5
 Bombard                  Conj/Erth      0%         9d1       100%        6
 Plasma Beam              Fire/Air       0%         2x1d10    100%        6
 Sculpt Simulacrum        Ice/Alch       0%         N/A       100%        6
 Starburst                Conj/Fire      0%         6d3       100%        6


Dungeon Overview and Level Annotations

Branches:
Dungeon (11/15)            Temple (0/1) D:4            Lair (4/5) D:8
 Shoals (0/4) Lair:3       Spider (0/4) Lair:3        Slime (0/5) Lair:4
    Orc (0/2) D:10        Ossuary (visited)          Bailey (visited)

Altars:
Ashenzari
Cheibriados
Fedhas
Gozag
Kikubaaqudgha
Makhleb
Okawaru
Qazlal
Trog
Vehumet
Wu Jian
Xom
Yredelemnul
Zin
The Shining One
Jiyva

Shops:
D:2 (   D:5 *

Annotations:
D:5 3 runed translucent doors, Juicyj's ghost, novice MiFi; Lightli's ghost, novice DrMo; ragingrage's ghost, weakling TrDe; scarr's ghost, weakling MDDe
D:9 1 runed translucent door, cforsyth's ghost, novice MDNe


Innate Abilities, Weirdness & Mutations

Armour fits poorly on your strangely shaped body.
You have extremely tough skin. (AC +3)
You have a long armoured tail.
You regenerate magic and health when rolling toward enemies. (Rampage Regen)


Message History

You swap places.
A nearby fungus withers and dies.
You swap places.
You swap places.
An eight-headed hydra comes into view.
The eight-headed hydra roars!
You hear an angry hiss.
A basilisk comes into view.
The basilisk gazes at you.
You are slowing down.
Your hornet zombie is moving more slowly.
Your hornet zombie resists with significant effort.
The basilisk gazes at you.
You easily resist.
Your limbs are stiffening.
Unknown command.
You have turned to stone.
The eight-headed hydra bites you but does no damage.
The eight-headed hydra bites you.
The eight-headed hydra bites you but does no damage.
The eight-headed hydra bites you.
The eight-headed hydra bites you but does no damage.
The eight-headed hydra bites you! x2
The eight-headed hydra bites you but does no damage.
Your hornet zombie stops moving altogether!
The eight-headed hydra bites you but does no damage. x2
The eight-headed hydra bites you. x2
The eight-headed hydra bites you but does no damage. x4
The eight-headed hydra bites you.
The eight-headed hydra bites you but does no damage. x2
The eight-headed hydra bites you.
The eight-headed hydra bites you but does no damage. x2
The eight-headed hydra bites you!
The eight-headed hydra completely misses you.
The eight-headed hydra bites you!
The eight-headed hydra bites you but does no damage. x2
The eight-headed hydra bites you. The eight-headed hydra bites you! x2
The eight-headed hydra bites you but does no damage. x2
The eight-headed hydra bites you but does no damage.
The eight-headed hydra bites you.
The eight-headed hydra bites you but does no damage. x2
The eight-headed hydra bites you.
The eight-headed hydra bites you but does no damage.
The eight-headed hydra completely misses you.
The eight-headed hydra bites you but does no damage.
The eight-headed hydra bites you but does no damage. x5
The eight-headed hydra bites you.
The eight-headed hydra bites you but does no damage. x2
The eight-headed hydra bites you but does no damage.
The eight-headed hydra bites you! The eight-headed hydra bites you.
The eight-headed hydra bites you but does no damage. x2
The eight-headed hydra bites you! The eight-headed hydra bites you.
The eight-headed hydra bites you but does no damage.
The eight-headed hydra bites you.
The eight-headed hydra bites you but does no damage. x5
The eight-headed hydra bites you. x2
The eight-headed hydra bites you but does no damage.
The eight-headed hydra bites you.
The eight-headed hydra bites you but does no damage. x3
The eight-headed hydra bites you. The eight-headed hydra bites you! x2
The eight-headed hydra bites you but does no damage. x5
The eight-headed hydra bites you! x2; The eight-headed hydra bites you.
You turn to flesh and can move again.
You barely miss the eight-headed hydra.
The eight-headed hydra bites you but does no damage. x2
The eight-headed hydra bites you.
The eight-headed hydra bites you but does no damage.
The eight-headed hydra barely misses you.
The eight-headed hydra closely misses you. x2
Your hornet zombie cannot move out of your way!
Unknown command.
Unknown command.
You barely miss the eight-headed hydra.
The eight-headed hydra bites you but does no damage.
The eight-headed hydra bites you!
* * * LOW HITPOINT WARNING * * *
The eight-headed hydra bites you but does no damage.
The eight-headed hydra bites you.
* * * LOW HITPOINT WARNING * * *
The eight-headed hydra bites you but does no damage. x3
You chop one of the eight-headed hydra's heads off!
The flame cauterises the wound!
You slash the seven-headed hydra! You burn the seven-headed hydra.
You tail-slap the seven-headed hydra.
The seven-headed hydra is moderately wounded.
The seven-headed hydra bites you but does no damage. x2
The seven-headed hydra barely misses you.
The seven-headed hydra bites you but does no damage. x3
You hack one of the seven-headed hydra's heads off!
The flame cauterises the wound!
You slice the six-headed hydra!! You burn the six-headed hydra.
You tail-slap the six-headed hydra.
The six-headed hydra is heavily wounded.
The six-headed hydra barely misses you. x3; The six-headed hydra bites you.
* * * LOW HITPOINT WARNING * * *
You completely miss the six-headed hydra.
The six-headed hydra is heavily wounded.
The six-headed hydra bites you!
* * * LOW HITPOINT WARNING * * *
The six-headed hydra bites you but does no damage.
The six-headed hydra bites you!
* * * LOW HITPOINT WARNING * * *
The six-headed hydra bites you.
You die...
Your body rises from the dead as a mindless zombie.

..## #..........# . ..#
#..........# ..##
#..........#
...#####.........#
....##...........#
...####.........## .
....#.#.......ZZ# ##...
.....#........ZZ##......
........#.Z....#@Dl#
.....Z.##.#.######......
....######### .....
.#..# .... #...# ...
...## .. ..## . .## .#


You could see a six-headed hydra (ally target), a basilisk (ally target), 2
friendly jelly zombies and 2 friendly hornet zombies.

Vanquished Creatures
  Fannar (D:11)
  A catoblepas (Lair:3)
  A boulder beetle (D:11)
  A skyshark (Lair:2)
  2 manticores (Lair:3)
  2 black mambas
  5 elephants
  A gargoyle (D:11)
  4 cane toads
  7 komodo dragons
  A queen bee (Lair:1)
  6 hornets (Lair:4)
  A dream sheep (D:10)
  4 blink frogs (Lair:2)
  2 culicivoras (Lair:3)
  2 vampires
  A shadow (D:9)
  9 yaks
  A wyvern (Lair:1)
  2 humans (D:7)
  Grum (D:9)
  2 acid dragons
  3 water moccasins
  4 orc warriors
  2 ice beasts
  3 black bears
  2 sky beasts
  4 ogres
  3 centaurs
  11 wolves
  2 phantoms (D:5)
  2 kobold brigands (D:10)
  A weeping skull (Ossuary)
  7 bullfrogs
  A gnoll sergeant (D:6)
  3 scorpions
  2 burial acolytes (Ossuary)
  23 killer bees
  2 electric eels
  9 vampire bats (Bailey)
  10 howler monkeys
  5 wolf zombies (Bailey)
  A crimson imp (D:11)
  2 bombardier beetles (D:7)
  2 centaur zombies (Ossuary)
  4 jellies
  6 orc priests
  7 hounds
  A human zombie (Ossuary)
  3 sleepcaps
  Jessica (D:2)
  9 iguanas
  9 orc wizards
  The ghost of petzl the Sneak, a weakling FoDe of Vehumet (D:8)
  A hound zombie (Ossuary)
  A mummy (Ossuary)
  Robin (D:2)
  5 adders
  15 gnolls
  4 white imps
  3 ufetubi
  5 dart slugs
  3 ribbon worms
  27 orcs
  3 ball pythons
  7 endoplasms
  4 giant cockroaches
  20 goblins
  14 hobgoblins
  4 jackals (D:2)
  9 kobolds
  3 quokkas
  9 bats
  8 frilled lizards
  2 gnoll zombies (Ossuary)
  21 orc zombies
  4 rats
375 creatures vanquished.

Vanquished Creatures (collateral kills)
  A hydra (D:10)
  Erolcha (D:11)
  3 death yaks (Lair:3)
  2 elephants (Lair:3)
  A black mamba (Lair:3)
  A gargoyle (Bailey)
  A cane toad (Lair:3)
  A rime drake (Lair:3)
  3 komodo dragons (Lair:2)
  A troll (D:11)
  A blink frog (Lair:2)
  A dream sheep (D:10)
  A wyvern (Lair:2)
  5 yaks
  A steam dragon (D:9)
  An acid dragon (D:8)
  3 water moccasins (Lair:2)
  2 black bears
  A centaur (D:11)
  5 wolves
  A kobold brigand (D:10)
  A gnoll sergeant (D:9)
  4 bullfrogs
  5 killer bees
  3 crimson imps (D:11)
  3 jellies
  An orc priest (D:10)
  A human zombie (Ossuary)
  A hound (D:7)
  An orc wizard (D:11)
  A sleepcap (D:7)
  An iguana (D:7)
  A kobold zombie (D:10)
  A mummy (Ossuary)
  A hound zombie (Ossuary)
  5 gnolls
  An adder (D:6)
  A white imp (D:11)
  An ufetubus (D:6)
  9 orcs
  4 goblins (D:8)
  2 gnoll zombies (Ossuary)
  4 orc zombies
89 creatures vanquished.

Vanquished Creatures (others)
  A wyvern zombie (Lair:1)
  3 yak zombies
  A troll zombie (D:11)
  6 wolf zombies
  2 black bear zombies
  5 killer bee zombies
  An acid dragon zombie (D:10)
  A kobold zombie (D:10)
  2 ogre zombies (D:5)
  2 hound zombies
  4 howler monkey zombies
  An adder zombie (D:6)
  2 gnoll zombies (D:9)
  A hobgoblin zombie (D:6)
  7 orc zombies
  2 spectral ufetubi
41 creatures vanquished.

Grand Total: 505 creatures vanquished

Notes
Turn   | Place    | Note
-------+----------+-------------------------------------------
     0 | D:1      | pisaster the Armataur Fighter began the quest for the Orb.
     0 | D:1      | Reached XP level 1. HP: 18/18 MP: 1/1
    42 | D:1      | Reached XP level 2. HP: 3/25 MP: 2/2
   396 | D:1      | Reached XP level 3. HP: 30/30 MP: 3/3
   836 | D:2      | Noticed Jessica
   840 | D:2      | Killed Jessica
   841 | D:2      | Reached XP level 4. HP: 37/37 MP: 4/4
   916 | D:2      | Found Jaatea's Antique Weapon Boutique.
   945 | D:2      | Found a faded altar of an unknown god.
  1302 | D:2      | You fall into a shaft and drop 2 floors!
  1322 | D:4      | Reached skill level 1 in Short Blades
  1384 | D:4      | Reached XP level 5. HP: 45/45 MP: 5/5
  1595 | D:4      | Noticed an ogre
  1611 | D:4      | Killed an ogre
  1716 | D:3      | Reached XP level 6. HP: 49/51 MP: 6/6
  2157 | D:2      | Noticed Robin
  2169 | D:2      | Killed Robin
  2609 | D:3      | Identified the +4 short sword of Cowardice {holy, Str+5}
  2630 | D:3      | Found a basalt altar of Yredelemnul.
  2642 | D:3      | Noticed a profane servitor
  2647 | D:3      | Became a worshipper of Yredelemnul the Fallen
  2656 | D:3      | Found a glowing golden altar of the Shining One.
  2658 | D:3      | Noticed an angel
  3190 | D:4      | Found a staircase to the Ecumenical Temple.
  3515 | D:4      | Gained mutation: You regenerate magic and health when
                  | rolling toward enemies. (Rampage Regen) [Armataur growth]
  3515 | D:4      | Reached XP level 7. HP: 58/59 MP: 7/7
  3773 | D:4      | Found a bloodstained altar of Trog.
  3835 | D:5      | Entered Level 5 of the Dungeon
  3945 | D:5      | Reached skill level 5 in Short Blades
  3946 | D:5      | Reached * piety under Yredelemnul
  4181 | D:5      | Found Pexa's Overcharged Wands.
  4294 | D:5      | Reached skill level 5 in Fighting
  4321 | D:5      | Found a runed translucent gate.
  4321 | D:5      | Found a runed translucent gate.
  4321 | D:5      | Found a runed translucent gate.
  4321 | D:5      | Noticed ragingrage's ghost (weakling TrDe)
  4321 | D:5      | Noticed scarr's ghost (weakling MDDe)
  4321 | D:5      | Noticed Juicyj's ghost (novice MiFi)
  4321 | D:5      | Noticed Lightli's ghost (novice DrMo)
  4324 | D:5      | Reached XP level 8. HP: 68/68 MP: 8/8
  4353 | D:5      | Reached skill level 4 in Armour
  4599 | D:5      | Reached skill level 5 in Armour
  4975 | D:6      | Noticed an air elemental
  4982 | D:6      | Found a stormy altar of Qazlal.
  5010 | D:6      | Found a sand-covered staircase.
  5025 | Ossuary  | Entered an ossuary
  5145 | Ossuary  | Reached skill level 6 in Armour
  5838 | D:6      | Found a radiant altar of Vehumet.
  5844 | D:6      | Reached XP level 9. HP: 76/78 MP: 9/9
  5853 | D:6      | Reached skill level 7 in Armour
  6157 | D:6      | Found a shimmering altar of Xom.
  6162 | D:6      | Found a snail-covered altar of Cheibriados.
  6277 | D:6      | Found an opulent altar of Gozag.
  6314 | D:6      | Reached ** piety under Yredelemnul
  6634 | D:6      | Reached skill level 8 in Armour
  6722 | D:7      | Found a blossoming altar of Fedhas.
  6742 | D:7      | Reached skill level 1 in Invocations
  6818 | D:7      | Found a burning altar of Makhleb.
  6818 | D:7      | Found an ancient bone altar of Kikubaaqudgha.
  6907 | D:7      | Found an ornate altar of the Wu Jian Council.
  7007 | D:7      | Found an iron altar of Okawaru.
  7273 | D:8      | Found a flagged portal.
  7296 | Bailey   | Entered a bailey
  7380 | Bailey   | Noticed a gargoyle
  7387 | Bailey   | Killed a gargoyle
  7388 | Bailey   | Reached skill level 9 in Armour
  7406 | Bailey   | Reached XP level 10. HP: 89/89 MP: 13/13
  7474 | Bailey   | Identified the +4 ring mail of Baili {Str+2}
  7623 | Bailey   | Got Sif Muna's Thoughts on the Bleak Departed
  7669 | Bailey   | Reached skill level 5 in Invocations
  8064 | D:8      | Found a staircase to the Lair.
  8086 | D:8      | Found a glowing silver altar of Zin.
  8106 | D:8      | Found a runed translucent door.
  8110 | D:8      | Noticed petzl's ghost (weakling FoDe)
  8294 | D:8      | Killed petzl's ghost
  8304 | D:9      | Noticed Grum
  8314 | D:9      | Killed Grum
  8321 | D:9      | Reached *** piety under Yredelemnul
  8369 | D:9      | Found a runed translucent door.
  8370 | D:9      | Noticed cforsyth's ghost (novice MDNe)
  8665 | D:9      | Reached skill level 10 in Armour
  8829 | D:10     | Entered Level 10 of the Dungeon
  8887 | D:10     | Noticed a three-headed hydra
  8894 | D:10     | Killed a three-headed hydra
  9162 | D:10     | Found a broken altar of Ashenzari.
  9185 | D:10     | Reached skill level 11 in Armour
  9190 | D:10     | Reached XP level 11. HP: 96/97 MP: 16/16
  9462 | D:10     | Found a staircase to the Orcish Mines.
 10220 | D:11     | Reached skill level 10 in Fighting
 10329 | D:11     | Noticed Erolcha
 10335 | D:11     | Killed Erolcha
 10507 | D:11     | Noticed a boulder beetle
 10513 | D:11     | Reached **** piety under Yredelemnul
 10514 | D:11     | Reached skill level 12 in Armour
 10519 | D:11     | Noticed Fannar
 10522 | D:11     | Killed Fannar
 10527 | D:11     | Killed a boulder beetle
 11376 | D:2      | Bought a twisted war axe for 238 gold pieces
 11376 | D:2      | Identified the +7 war axe of Dismemberment {flame, Str+5}
                  | (You bought it in a shop on level 2 of the Dungeon)
 11546 | Lair:1   | Entered Level 1 of the Lair of Beasts
 11554 | Lair:1   | Reached skill level 1 in Axes
 11873 | Lair:1   | Reached skill level 5 in Axes
 12492 | Lair:2   | Noticed a skyshark
 12499 | Lair:2   | Killed a skyshark
 12500 | Lair:2   | Reached XP level 12. HP: 108/108 MP: 17/17
 12816 | Lair:2   | Reached ***** piety under Yredelemnul
 13252 | Lair:2   | Identified the +5 war axe of the Tent {venom, MP+9 Str-2
                  | Dex-2 SInv}
 13632 | Lair:3   | Found a staircase to the Shoals.
 13644 | Lair:3   | Reached skill level 10 in Axes
 13826 | Lair:3   | Noticed a catoblepas
 13840 | Lair:3   | Killed a catoblepas
 13912 | Lair:3   | Noticed a death yak
 13913 | Lair:3   | Noticed a death yak
 13913 | Lair:3   | Noticed a death yak
 13919 | Lair:3   | Killed a death yak
 13922 | Lair:3   | Killed a death yak
 13924 | Lair:3   | Killed a death yak
 13925 | Lair:3   | Reached XP level 13. HP: 102/114 MP: 10/18
 14050 | Lair:3   | Found a hole to the Spider Nest.
 14771 | Lair:4   | Found a staircase to the Slime Pits.
 14772 | Lair:4   | Found a viscous altar of Jiyva.
 14858 | Lair:4   | HP: 3/114 [six-headed hydra (11)]
 14858 | Lair:4   | Slain by a six-headed hydra

Illustrated notes

Levels and vault maps discovered:
D:1:      dpeg_arrival_tiny_g, layout_loops_ring, nicolae_eternal_life
D:2:      layout_loops_corners, shapermc_ecumenical_altar_mp_ritualfount,
          serial_shops, shop_statue, uniq_jessica, uniq_robin
D:3:      layout_basic, grunt_temple_overflow_holy_war
D:4:      corexii_shantytown, layout_basic, kennysheep_mini_moat,
          minmay_temple_entry_poolview, portal_sewer_entry_e,
          serial_library_hellmonk_room_b
D:5:      layout_loops_ring, gammafunk_ghost_cemetery,
          nicolae_shop_overcharged_wands
D:6:      layout_loops_corners, nicolae_qazlal_style_of_elements,
          nicolae_vehumet_radiance, grunt_gozag_statues,
          mainiacjoe_overflow_big_doors, enter_ossuary_1, sigmund_army
D:7:      layout_rooms, nicolae_wu_jian_immortal_techniques, fedhas_altar_2,
          okawaru_humans, gammafunk_temple_overflow_elements
D:8:      layout_cave_pools, nicolae_overflow_crystal_walls, lair_entry_dummy,
          enter_bailey_5, gammafunk_ghost_grave
D:9:      layout_cross, hellmonk_ghost_happy_afterlife, eino_tiny_chamber,
          chequers_serial_rivers_micro_a, minivault_4,
          nicolae_nh_ransacked_shop, uniq_grum
D:10:     layout_gridville, mainiacjoe_overflow_concentric_impassable,
          orc_0_dummy, hangedman_ranch
D:11:     layout_loops_ring, minmay_fire_ice_demons, uniq_erolcha, uniq_fannar
Lair:1:   layout_roguey [special_room_bee], chequers_serial_rivers_micro_e,
          chequers_serial_rivers_large_b, evilmike_ambush
          [evilmike_ambush_outer_basic, evilmike_ambush_inner_basic]
Lair:2:   layout_regular_city, beast_lair_carwin_10, infiniplex_staircase_pool
Lair:3:   layout_cave_shapes, minmay_shoals_entry_beasts,
          hellmonk_spider_entry_life_and_decay, grunt_megastairs_3,
          serial_bayou_shore_a, serial_bayou_shore_b
Lair:4:   layout_cave_pods, nicolae_slime_entry_field_trip, minivault_23,
          dreamdust_wasp_nest

Skill      XL: |  1  2  3  4  5  6  7  8  9 10 11 12 13 |
---------------+----------------------------------------+-----
Unarmed Combat | 2 3 4 |  4.0
Short Blades   | 1 3 4 6 |  6.0
Fighting       | 3 4 5 6 8 9 10 | 10.7
Armour         | 6 9 11 12 | 12.5
Shields        | 4 |  4.0
Invocations    | 4 7 |  7.0
Axes           | 5 10 11 | 11.5

Action                     |  1- 3 |  4- 6 |  7- 9 | 10-12 | 13-15 || total
---------------------------+-------+-------+-------+-------+-------++-------
  Melee: Unarmed           |    66 |     1 |       |       |       ||    67
         Tailslap          |    11 |    15 |    67 |    73 |    10 ||   176
         Dagger            |       |   173 |   339 |   373 |       ||   885
         War axe           |       |       |       |   198 |    75 ||   273
  Throw: Boomerang         |     4 |     1 |       |       |       ||     5
         Dart              |       |     6 |     8 |       |       ||    14
 Invoke: Light the Black T |       |     1 |     5 |     7 |     1 ||    14
         Hurl Torchlight   |       |       |       |    11 |       ||    11
    Use: Potion            |     1 |       |       |     2 |       ||     3
         Scroll            |       |     7 |    13 |     3 |     3 ||    26
   Stab: Confused          |       |       |       |     1 |       ||     1
         Distracted        |       |       |       |     4 |       ||     4
 Armour: Scale mail        |     8 |    29 |   127 |       |       ||   164
         Ring mail         |    28 |    58 |       |   141 |       ||   227
         Plate armour      |       |       |    27 |    17 |       ||    44
         Chain mail        |       |       |       |   351 |   156 ||   507
  Dodge: Dodged            |    19 |    42 |    85 |   205 |    29 ||   380
  Block: Buckler           |     4 |    24 |    62 |   292 |    41 ||   423
         Reflection        |       |       |       |    10 |       ||    10

Table legend: (Time is in decaauts)
 A = Elapsed time spent in this place.
 B = Non-inter-level travel time spent in this place.
 C = Inter-level travel time spent in this place.
 D = Time resting spent in this place.
 E = Time spent auto-exploring this place.
 F = Levels seen in this place.
 G = Mean time per level.
                   A        B        C        D        E       F      G
               +--------+--------+--------+--------+--------+-----+--------+
         Total |  14701 |  13999 |    702 |   1728 |   8645 |  17 |  864.8 |
       Dungeon |  10201 |   9609 |    592 |    842 |   6349 |  11 |  927.4 |
          Lair |   3351 |   3241 |    110 |    504 |   2051 |   4 |  837.8 |
       Ossuary |    581 |    581 |      0 |    162 |    192 |   1 |  581.0 |
        Bailey |    567 |    567 |      0 |    220 |     53 |   1 |  567.0 |
               +--------+--------+--------+--------+--------+-----+--------+

Top non-repeatable levels by time:
    D:10: 1322 daAuts
     D:4: 1313 daAuts
     D:5: 1193 daAuts
  Lair:2: 1119 daAuts
     D:6: 1097 daAuts
    D:11: 1025 daAuts
  Lair:3: 997 daAuts
  Lair:1: 952 daAuts
     D:2: 942 daAuts
     D:3: 937 daAuts
     D:1: 816 daAuts
 Ossuary: 581 daAuts
  Bailey: 567 daAuts
     D:9: 539 daAuts
     D:7: 514 daAuts

Action                     |  1- 3 |  4- 6 |  7- 9 | 10-12 | 13-15 || total
---------------------------+-------+-------+-------+-------+-------++-------
  Melee: Unarmed           |    66 |     1 |       |       |       ||    67
         Tailslap          |    11 |    15 |    67 |    73 |    10 ||   176
         Dagger            |       |   173 |   339 |   373 |       ||   885
         War axe           |       |       |       |   198 |    75 ||   273
  Throw: Boomerang         |     4 |     1 |       |       |       ||     5
         Dart              |       |     6 |     8 |       |       ||    14
 Invoke: Light the Black T |       |     1 |     5 |     7 |     1 ||    14
         Hurl Torchlight   |       |       |       |    11 |       ||    11
    Use: Potion            |     1 |       |       |     2 |       ||     3
         Scroll            |       |     7 |    13 |     3 |     3 ||    26
   Stab: Confused          |       |       |       |     1 |       ||     1
         Distracted        |       |       |       |     4 |       ||     4
 Armour: Scale mail        |     8 |    29 |   127 |       |       ||   164
         Ring mail         |    28 |    58 |       |   141 |       ||   227
         Plate armour      |       |       |    27 |    17 |       ||    44
         Chain mail        |       |       |       |   351 |   156 ||   507
  Dodge: Dodged            |    19 |    42 |    85 |   205 |    29 ||   380
  Block: Buckler           |     4 |    24 |    62 |   292 |    41 ||   423
         Reflection        |       |       |       |    10 |       ||    10

Table legend: (Time is in decaauts)
 A = Elapsed time spent in this place.
 B = Non-inter-level travel time spent in this place.
 C = Inter-level travel time spent in this place.
 D = Time resting spent in this place.
 E = Time spent auto-exploring this place.
 F = Levels seen in this place.
 G = Mean time per level.
                   A        B        C        D        E       F      G
               +--------+--------+--------+--------+--------+-----+--------+
         Total |  14701 |  13999 |    702 |   1728 |   8645 |  17 |  864.8 |
       Dungeon |  10201 |   9609 |    592 |    842 |   6349 |  11 |  927.4 |
          Lair |   3351 |   3241 |    110 |    504 |   2051 |   4 |  837.8 |
       Ossuary |    581 |    581 |      0 |    162 |    192 |   1 |  581.0 |
        Bailey |    567 |    567 |      0 |    220 |     53 |   1 |  567.0 |
               +--------+--------+--------+--------+--------+-----+--------+

Top non-repeatable levels by time:
    D:10: 1322 daAuts
     D:4: 1313 daAuts
     D:5: 1193 daAuts
  Lair:2: 1119 daAuts
     D:6: 1097 daAuts
    D:11: 1025 daAuts
  Lair:3: 997 daAuts
  Lair:1: 952 daAuts
     D:2: 942 daAuts
     D:3: 937 daAuts
     D:1: 816 daAuts
 Ossuary: 581 daAuts
  Bailey: 567 daAuts
     D:9: 539 daAuts
     D:7: 514 daAuts
